 Dungeon Crawl Stone Soup version 0.29.1-15-g9cfb28693d (webtiles) character file.

Game seed: 13493364481140124485

31509 Rogue2023 the Cleaver (level 13, -5/116 HPs)
             Began as a Formicid Fighter on Mar 10, 2023.
             Was a Priest of Jiyva.
             Slain by a thrashing horror (10 damage)
             ... on level 5 of the Lair of Beasts on Mar 22, 2023.
             The game lasted 00:32:18 (11584 turns).

Rogue2023 the Cleaver (Formicid Fighter)           Turns: 11584, Time: 00:32:20

Health: -5/116     AC: 17    Str: 26    XL:     13   Next: 96%
Magic:  15/15      EV: 10    Int:  6    God:    Jiyva [***...]
Gold:   782        SH:  8    Dex: 17    Spells: 12/12 levels left

rFire   . . .      SeeInvis +   a - +0 war axe
rCold   . . .      Faith    .   c - +0 buckler
rNeg    . . .      Spirit   .   w - +0 plate armour
rPois   .          Reflect  .   (helmet unavailable)
rElec   +          Harm     .   (no cloak)
rCorr   +          Rampage  .   (no gloves)
Will    ++...                   (no boots)
Stlth   ..........              (no amulet)
HPRegen 1.41/turn               k - ring of Zyum {rElec Will+ rCorr SInv}
MPRegen 0.49/turn               (no ring)

@: slimy (expiring)
A: permanent stasis, dig shafts and tunnels, antennae 3, four strong arms, agile
1, high MP 2, robust 1, wild magic 3, gelatinous body 2, translucent skin 1,
evolution 1, engulf, noise suppression
a: Dig, Shaft Self, Renounce Religion, Oozemancy


You were on level 5 of the Lair of Beasts.
You worshipped Jiyva.
Jiyva was most pleased with you.
You visited 2 branches of the dungeon, and saw 14 of its levels.
You also visited: Ossuary.

You collected 782 gold pieces.

Inventory:

Hand Weapons
 a - a +0 war axe (weapon)
Missiles
 i - 5 silver javelins
 p - a throwing net
Armour
 b - a +1 scale mail
 c - a +0 buckler (worn)
 w - a +0 plate armour (worn)
Jewellery
 k - the ring of Zyum (left hand) {rElec Will+ rCorr SInv}
   (You found it on level 3 of the Dungeon)

   [ring of resist corrosion]

   rElec:     It insulates you from electricity.
   SInv:      It lets you see invisible.
   rCorr:     It protects you from acid and corrosion.
   Will:      It increases your willpower.
 x - a ring of magical power
Wands
 e - a wand of polymorph (12)
 t - a wand of digging (3)
 v - a wand of mindburst (10)
Scrolls
 g - 2 scrolls of fear
 j - 6 scrolls of poison
 l - 2 scrolls of summoning
 q - 2 scrolls of enchant armour
 u - 2 scrolls of vulnerability
Potions
 d - 3 potions of might
 h - a potion of haste
 m - a potion of resistance
 n - 2 potions of attraction
 o - 2 potions of curing
 r - a potion of brilliance {unknown}
 s - a potion of degeneration


   Skills:
 + Level 11.5 Fighting
 * Level 14.3 Axes
 + Level 11.6 Armour
 + Level 2.5 Dodging
 - Level 13.1 Shields
 - Level 5.0 Evocations


You had 12 spell levels left.
You didn't know any spells.
Your spell library contained the following spells:

 Spells                   Type           Power      Damage    Failure   Level
 Slow                     Hex            0%         N/A       100%        1
 Confusing Touch          Hex            0%         N/A       100%        3
 Portal Projectile        Hex/Tloc       0%         N/A       100%        3
 Tukima's Dance           Hex            0%         N/A       100%        3
 Vampiric Draining        Necr           0%         2d6       100%        3
 Blade Hands              Tmut           0%         N/A       100%        5
 Iskenderun's Battlesphe  Conj           0%         2d6       100%        5
 Yara's Violent Unravell  Hex/Tmut       0%         3d3       100%        5
 Iron Shot                Conj/Erth      0%         9d1       100%        6
 Enfeeble                 Hex            0%         N/A       100%        7
 Spellforged Servitor     Conj/Summ      0%         N/A       100%        7


Dungeon Overview and Level Annotations

Branches:
Dungeon (9/15)               Lair (5/5) D:8          Shoals (0/4) Lair:3
 Spider (0/4) Lair:2        Slime (0/5) Lair:4      Ossuary (visited)
 Temple: D:4-7          Orc: D:9-12

Altars:
Ashenzari
Gozag
Kikubaaqudgha
Okawaru
Trog
Zin
Jiyva

Shops:
D:3 [

Annotations:
D:7 2 runed translucent doors, 1 transporter, sobakacece's ghost, novice SpHu
Lair:4 1 runed translucent door


Innate Abilities, Weirdness & Mutations

You cannot be hasted, slowed, berserked, paralysed or teleported.
You can dig through walls and to a lower floor.
You have a pair of large antennae on your head. (SInv)
Your four strong arms can wield two-handed weapons with a shield.
You are agile. (Dex +4, Str/Int -1)
You have a considerably increased reservoir of magic. (+20% MP)
You are robust. (+10% HP)
Your spells are much harder to cast, but much more powerful.
Your pliable body absorbs attacks. (AC +2, EV +2)
Your translucent skin slightly reduces your foes' accuracy. (Stealth+)
You have hidden genetic potential.
Your melee attacks may engulf your foes in ooze.
You passively dampen the noise of your surroundings.


Message History

The thrashing horror tramples you but does no damage.
You block the thrashing horror's attack.
The thrashing horror attacks as you move away!
The thrashing horror tramples you!
* * * LOW HITPOINT WARNING * * *
The thrashing horror tramples you.
* * * LOW HITPOINT WARNING * * *
The thrashing horror tramples you but does no damage.
The thrashing horror barely misses you. The thrashing horror tramples you.
* * * LOW HITPOINT WARNING * * *
You hold your ground!
The thrashing horror tramples you but does no damage.
Okay, then.
As you read the scroll of fear, it crumbles to dust.
You assume a fearsome visage.
The blink frog looks frightened!
The thrashing horror is unaffected. x2
The thrashing horror roars! x2
The thrashing horror tramples you.
* * * LOW HITPOINT WARNING * * *
You hold your ground!
You block the thrashing horror's attack.
The thrashing horror barely misses you. The thrashing horror tramples you!
* * * LOW HITPOINT WARNING * * *
You hold your ground!
The blink frog blinks!
Unknown command.
Unknown command.
Unknown command.
You block the thrashing horror's attack.
The thrashing horror barely misses you.
The thrashing horror tramples you but does no damage.
You block the thrashing horror's attack.
The blink frog blinks!
The thrashing horror roars!
The thrashing horror tramples you but does no damage.
The thrashing horror tramples you.
* * * LOW HITPOINT WARNING * * *
You hold your ground!
You block the thrashing horror's attack.
The thrashing horror barely misses you. The thrashing horror tramples you!
You die...

♣♣♣♣ ♣♣♣♣♣ ###
♣♣♣♣..♣♣.....♣♣♣♣
..#####♣♣ ♣♣♣.......
♣.....♣♣♣♣ P...##..♣
♣.......♣ ♣.......♣♣
........♣ ♣.@♣♣♣♣♣
♣......♣ ###....♣♣
♣♣XX♣..♣♣♣♣♣†..†...
##.....#
♣♣.F.....♣♣...♣♣....
#####..#♣
♣♣....♣♣♣.....♣♣♣♣♣♣.
#P..## ♣..♣♣♣♣
♣♣.♣♣♣♣ ♣♣ #....##
♣§.♣♣ ♣♣♣
##....♣♣♣♣..♣♣
##.....♣ ♣♣..♣ {
#..#..♣♣ ♣..♣♣♣ ♣♣♣♣
{


You could see 2 thrashing horrors and a blink frog (fleeing).

Vanquished Creatures
  6 death yaks
  A two-headed ogre (D:8)
  A thrashing horror (Lair:5)
  A large abomination (Lair:5)
  An ugly thing (Lair:5)
  3 black mambas
  6 elephants (Lair:3)
  10 cane toads
  2 smoke demons (Lair:5)
  6 rime drakes
  4 komodo dragons
  4 ancient zymes (Lair:5)
  3 polar bears
  25 blink frogs
  A snapping turtle (Lair:3)
  A spriggan (Lair:5)
  A wraith (D:8)
  A jumping spider (shapeshifter) (Lair:5)
  A ynoxinul (Lair:5)
  A wyvern (Lair:5)
  18 yaks
  4 basilisks
  17 water moccasins
  An orc warrior (D:7)
  5 ice beasts
  4 black bears
  An ogre (D:7)
  4 wolves (Lair:1)
  A phantom (D:5)
  A centaur (D:8)
  5 necrophages
  5 bullfrogs
  2 scorpions (D:5)
  A water moccasin zombie (D:4)
  2 wights (D:4)
  11 small abominations (Lair:5)
  4 electric eels
  2 orc priests
  4 hounds
  A human zombie (D:4)
  Ijyb (D:2)
  3 iguanas
  An orc wizard (D:8)
  A scorpion zombie (D:4)
  2 hound zombies (D:4)
  9 mummies
  6 gnolls
  5 adders
  2 white imps
  2 ufetubi
  An adder zombie (D:4)
  A worm (D:2)
  A dart slug (D:1)
  16 orcs
  10 ball pythons
  A giant cockroach (D:2)
  A gnoll zombie (Ossuary)
  5 goblins
  2 hobgoblins (D:1)
  6 jackals
  6 kobolds
  A quokka (D:5)
  5 bats
  7 frilled lizards
  2 hobgoblin zombies (Ossuary)
  2 kobold zombies (Ossuary)
  3 orc zombies (Ossuary)
  6 rats
280 creatures vanquished.

Vanquished Creatures (collateral kills)
  A komodo dragon (Lair:1)
  A rime drake (Lair:1)
2 creatures vanquished.

Vanquished Creatures (others)
  A quicksilver ooze (shapeshifter) (Lair:5)
  A smoke demon (Lair:5)
  A large abomination (Lair:5)
  3 slime creatures
  2 yaks (Lair:3)
  A yak (shapeshifter) (Lair:5)
  A sky beast (D:7)
  A black bear (D:7)
  2 bullfrogs
  2 scorpions (D:4)
  24 jellies
  An orc wizard (D:7)
  A gnoll (D:6)
  An adder (D:3)
  3 orcs
  A ball python (D:4)
  An endoplasm (D:1)
  2 giant cockroaches (D:4)
  2 jackals (D:4)
  A kobold (D:4)
  68 fungi
  87 plants
207 creatures vanquished.

Grand Total: 489 creatures vanquished

Notes
Turn   | Place    | Note
-------+----------+-------------------------------------------
     0 | D:1      | Rogue2023 the Formicid Fighter began the quest for the Orb.
     0 | D:1      | Reached XP level 1. HP: 18/18 MP: 1/1
   349 | D:1      | Reached XP level 2. HP: 23/24 MP: 2/2
   368 | D:1      | Found a faded altar of an unknown god.
   413 | D:1      | Prayed at the altar of an unknown god.
   413 | D:1      | Became a worshipper of Jiyva Jupsebu the Shapeless
   413 | D:1      | Reached * piety under Jiyva
   771 | D:2      | Reached XP level 3. HP: 29/29 MP: 3/3
   801 | D:2      | Reached ** piety under Jiyva
  1021 | D:2      | Reached XP level 4. HP: 37/37 MP: 4/4
  1025 | D:2      | Reached skill level 3 in Axes
  1156 | D:3      | Noticed Ijyb
  1161 | D:3      | Found Doisiquw's Antique Armour Shop.
  1195 | D:2      | Killed Ijyb
  1317 | D:3      | Found a glowing silver altar of Zin.
  1320 | D:3      | Reached *** piety under Jiyva
  1348 | D:3      | Identified the ring of Zyum {rElec Will+ rCorr SInv}
  1364 | D:3      | Gained mutation: You are robust. (+10% HP) [Jiyva's grace]
  1364 | D:3      | Gained mutation: You are very robust. (+20% HP) [Jiyva's
                  | grace]
  1364 | D:3      | Gained mutation: You are extremely robust. (+30% HP)
                  | [Jiyva's grace]
  1364 | D:3      | Gained mutation: Your system is resistant to poisons.
                  | (rPois) [Jiyva's grace]
  1401 | D:3      | Reached XP level 5. HP: 54/54 MP: 5/5
  1552 | D:3      | Found a broken altar of Ashenzari.
  1820 | D:3      | Found an iron altar of Okawaru.
  2032 | D:4      | Reached skill level 1 in Evocations
  2033 | D:4      | Found an ancient bone altar of Kikubaaqudgha.
  2045 | D:4      | Reached skill level 5 in Shields
  2045 | D:4      | Reached XP level 6. HP: 62/62 MP: 6/6
  2052 | D:4      | Reached skill level 4 in Axes
  2111 | D:4      | Reached XP level 7. HP: 63/71 MP: 7/7
  2282 | D:4      | Reached **** piety under Jiyva
  2301 | D:4      | Reached skill level 5 in Axes
  2368 | D:5      | Entered Level 5 of the Dungeon
  2447 | D:5      | Reached skill level 5 in Fighting
  2447 | D:5      | Reached skill level 5 in Armour
  2447 | D:5      | Reached XP level 8. HP: 78/80 MP: 8/8
  3126 | D:5      | Lost mutation: You are extremely robust. (+30% HP) [Jiyva's
                  | grace]
  3126 | D:5      | Gained mutation: You have an increased reservoir of magic.
                  | (+10% MP) [Jiyva's grace]
  3126 | D:5      | Gained mutation: You have a considerably increased
                  | reservoir of magic. (+20% MP) [Jiyva's grace]
  3126 | D:5      | Gained mutation: You have a greatly increased reservoir of
                  | magic. (+30% MP) [Jiyva's grace]
  3126 | D:5      | Gained mutation: Your melee attacks may engulf your foes in
                  | ooze. [Jiyva's grace]
  3161 | D:5      | Reached ***** piety under Jiyva
  3473 | D:6      | Reached skill level 6 in Axes
  3487 | D:6      | Identified the +8 rapier of Capital Punishment {spect, rF+
                  | rCorr}
  4156 | D:7      | Found a large runed translucent door.
  4174 | D:7      | Found a large runed translucent door.
  4192 | D:7      | Reached XP level 9. HP: 71/82 MP: 11/11
  4257 | D:7      | Found a sand-covered staircase.
  4266 | Ossuary  | Entered an ossuary
  4321 | Ossuary  | Reached skill level 7 in Axes
  4618 | D:7      | Found a transporter.
  4656 | D:7      | Identified the +3 leather armour "Vizes" {rN+ Will+ Int+4}
  4752 | D:7      | Found a bloodstained altar of Trog.
  4753 | D:7      | Lost mutation: You have a greatly increased reservoir of
                  | magic. (+30% MP) [Jiyva's grace]
  4753 | D:7      | Lost mutation: You are very robust. (+20% HP) [Jiyva's
                  | grace]
  4753 | D:7      | Lost mutation: Your melee attacks may engulf your foes in
                  | ooze. [Jiyva's grace]
  4753 | D:7      | Gained mutation: Your translucent skin slightly reduces
                  | your foes' accuracy. (Stealth+) [Jiyva's grace]
  4753 | D:7      | Gained mutation: Your translucent skin reduces your foes'
                  | accuracy. (Stealth+) [Jiyva's grace]
  4753 | D:7      | Gained mutation: Your transparent skin significantly
                  | reduces your foes' accuracy. (Stealth+) [Jiyva's grace]
  4753 | D:7      | Gained mutation: Your melee attacks may engulf your foes in
                  | ooze. [Jiyva's grace]
  4937 | D:7      | Noticed sobakacece's ghost (novice SpHu)
  5026 | D:7      | Reached ****** piety under Jiyva
  5202 | D:8      | Noticed a two-headed ogre
  5210 | D:8      | Killed a two-headed ogre
  5211 | D:8      | Reached skill level 5 in Evocations
  5333 | D:8      | Reached skill level 8 in Axes
  5333 | D:8      | Reached XP level 10. HP: 83/84 MP: 12/12
  5456 | D:8      | Found an opulent altar of Gozag.
  5725 | D:8      | Found a staircase to the Lair.
  5923 | Lair:1   | Entered Level 1 of the Lair of Beasts
  5925 | Lair:1   | Noticed a cane toad
  5938 | Lair:1   | Reached skill level 9 in Axes
  5941 | Lair:1   | Killed a cane toad
  5976 | Lair:1   | Noticed a cane toad
  5993 | Lair:1   | Killed a cane toad
  6019 | Lair:1   | Noticed a komodo dragon
  6040 | Lair:1   | Killed a komodo dragon
  6240 | Lair:1   | Noticed a rime drake
  6247 | Lair:1   | Killed a rime drake
  6273 | Lair:1   | Noticed a rime drake
  6284 | Lair:1   | Killed a rime drake
  6285 | Lair:1   | Reached XP level 11. HP: 48/94 MP: 13/13
  6322 | Lair:1   | Identified the +1 mace of Hiuschofu {venom, *Corrode
                  | Will+++ Int+4 Stlth+}
  6327 | Lair:1   | Noticed Gastronok
  6337 | Lair:1   | Slimified Gastronok
  6337 | Lair:1   | Noticed Gastronok
  6337 | Lair:1   | Gastronok changed into Gastronok the azure jelly
  6386 | Lair:1   | Reached skill level 10 in Axes
  6538 | Lair:1   | Reached skill level 10 in Shields
  6739 | Lair:2   | Lost mutation: Your transparent skin significantly reduces
                  | your foes' accuracy. (Stealth+) [Jiyva's grace]
  6739 | Lair:2   | Lost mutation: Your translucent skin reduces your foes'
                  | accuracy. (Stealth+) [Jiyva's grace]
  6739 | Lair:2   | Gained mutation: Your rubbery body absorbs attacks. (AC +1,
                  | EV +1) [Jiyva's grace]
  6739 | Lair:2   | Gained mutation: Your pliable body absorbs attacks. (AC +2,
                  | EV +2) [Jiyva's grace]
  6739 | Lair:2   | Gained mutation: Your gelatinous body deflects attacks. (AC
                  | +3, EV +3) [Jiyva's grace]
  6739 | Lair:2   | Gained mutation: You passively dampen the noise of your
                  | surroundings. [Jiyva's grace]
  6902 | Lair:2   | Noticed a four-headed hydra
  6914 | Lair:2   | You fall into a shaft and drop 1 floor!
  7115 | Lair:2   | Noticed a six-headed hydra
  7121 | Lair:2   | Slimified a six-headed hydra
  7121 | Lair:2   | Noticed an azure jelly
  7121 | Lair:2   | a six-headed hydra changed into an azure jelly
  7211 | Lair:2   | Found a hole to the Spider Nest.
  7365 | Lair:2   | Reached skill level 11 in Axes
  7457 | Lair:2   | Slimified a four-headed hydra
  7457 | Lair:2   | Noticed an acid blob
  7457 | Lair:2   | a four-headed hydra changed into an acid blob
  7866 | Lair:3   | Found a staircase to the Shoals.
  7985 | Lair:3   | Reached XP level 12. HP: 104/104 MP: 14/14
  8227 | Lair:3   | Reached skill level 12 in Axes
  8569 | Lair:4   | Noticed a seven-headed hydra
  8573 | Lair:4   | Slimified a seven-headed hydra
  8573 | Lair:4   | Noticed an acid blob
  8573 | Lair:4   | a seven-headed hydra changed into an acid blob
  8626 | Lair:4   | Reached skill level 10 in Armour
  8756 | Lair:4   | Reached skill level 10 in Fighting
  8805 | Lair:4   | Found a runed translucent door.
  8807 | Lair:4   | Noticed an azure jelly
  8807 | Lair:4   | Noticed an azure jelly
  8809 | Lair:4   | Noticed an azure jelly
  8810 | Lair:4   | Noticed an azure jelly
  8811 | Lair:4   | Found a staircase to the Slime Pits.
  8971 | Lair:4   | Lost mutation: Your system is resistant to poisons. (rPois)
                  | [Jiyva's grace]
  8971 | Lair:4   | Lost mutation: Your gelatinous body deflects attacks. (AC
                  | +3, EV +3) [Jiyva's grace]
  8971 | Lair:4   | Gained mutation: Your spells are a little harder to cast,
                  | but a little more powerful. [Jiyva's grace]
  8971 | Lair:4   | Gained mutation: Your spells are harder to cast, but more
                  | powerful. [Jiyva's grace]
  8971 | Lair:4   | Gained mutation: Your spells are much harder to cast, but
                  | much more powerful. [Jiyva's grace]
  8971 | Lair:4   | Gained mutation: You have hidden genetic potential.
                  | [Jiyva's grace]
  9641 | Lair:5   | Entered Level 5 of the Lair of Beasts
  9866 | Lair:5   | Reached XP level 13. HP: 77/114 MP: 15/15
  9936 | Lair:5   | Reached skill level 13 in Axes
 10089 | Lair:5   | Killed a quicksilver ooze
 10227 | Lair:5   | Noticed an azure jelly
 10227 | Lair:5   | a death yak changed into an azure jelly
 10437 | Lair:5   | Noticed a four-headed hydra
 10443 | Lair:5   | Slimified a four-headed hydra
 10443 | Lair:5   | a four-headed hydra changed into a slime creature
 10979 | Lair:5   | Reached skill level 1 in Dodging
 10980 | Lair:5   | Gained mutation: You are agile. (Dex +4, Str/Int -1)
                  | [hidden potential]
 11142 | Lair:5   | Reached skill level 14 in Axes
 11582 | Lair:5   | HP: 5/116 [thrashing horror (8)]
 11584 | Lair:5   | Slain by a thrashing horror

Illustrated notes

Levels and vault maps discovered:
D:1:      matt_arrival_diagonals, layout_rooms,
          hellmonk_ecumenical_altar_blasted, minmay_door_square
D:2:      layout_rooms
D:3:      layout_basic, cheibrodos_ashenzari_chains,
          mainiacjoe_overflow_big_doors, serial_shops, nicolae_shop_crystal,
          uniq_ijyb
D:4:      layout_basic, makhleb_heckhound_becter,
          lemuel_mausoleum_altar_kikubaaqudgha, minmay_temple_entry_poolview,
          kennysheep_small_square
D:5:      minmay_skewed_foursquare, layout_basic, kennysheep_boxes
D:6:      layout_loops_cross
D:7:      gammafunk_beogh_shrine, layout_cave_pods, trog_ov_bears_minmay,
          nicolae_ossuary_entry_monument, ebering_ghost_disaster_area
D:8:      layout_loops_cross, grunt_gozag_breadcrumbs, lair_entry_dummy,
          minmay_misc_feat_iff
D:9:      layout_cave_pods, dilly_guarded_unrand_morg
Lair:1:   layout_gridlike, uniq_gastronok
Lair:2:   layout_concentric_octagons, spider_nest_entry_web_field,
          chequers_serial_rivers_micro_b
Lair:3:   layout_hall_layers, minmay_shoals_entry_hut, beast_lair_carwin_1,
          lemuel_fruit_tree
Lair:4:   layout_cave_pods, slime_entry_2, cheibrodos_lair_caveside_slide,
          serial_bayou_shore_a, serial_bayou_shore_b
Lair:5:   hellmonk_lair_end_abyssal_woods, layout_cave_pods

Skill      XL: |  1  2  3  4  5  6  7  8  9 10 11 12 13 |
---------------+----------------------------------------+-----
Axes           | 3 4 5 6 8 9 11 12 14 | 14.3
Armour         | 4 5 6 8 9 10 11 | 11.6
Fighting       | 4 5 6 8 9 10 11 | 11.5
Evocations     | 1 2 4 5 |  5.0
Shields        | 5 6 8 9 11 12 13 | 13.1
Dodging        | 2 |  2.5

Action                   |  1- 3 |  4- 6 |  7- 9 | 10-12 | 13-15 || total
-------------------------+-------+-------+-------+-------+-------++-------
Melee: War axe           |   105 |   119 |   294 |   674 |   397 ||  1589
       Unarmed           |       |     8 |       |       |       ||     8
Invok: Oozemancy         |       |       |     1 |     1 |     1 ||     3
       Slimify           |       |       |       |     6 |     4 ||    10
 Abil: Dig               |       |       |     2 |     1 |       ||     3
       Shaft Self        |       |       |       |     1 |       ||     1
Evoke: Wand              |       |       |     1 |     3 |       ||     4
  Use: Scroll            |       |     1 |     9 |     4 |     3 ||    17
       Potion            |       |       |     2 |     5 |     1 ||     8
Armor: Scale mail        |    56 |    55 |   118 |       |       ||   229
       Plate armour      |       |       |    10 |   326 |   149 ||   485
Dodge: Dodged            |    55 |    46 |   122 |   282 |   150 ||   655
Block: Buckler           |    43 |    28 |    86 |   194 |   125 ||   476
